Map: Ley Lines

Players

KimChiLoVer - Winner!

  • Race: Terran Terran
  • Spawn Location: 1:00

VOD

Have the link to the VOD?

Description

Time

  • Played on: Aug. 15, 2025, 9:13 p.m.
  • Length: 10:04
Show
View Real Time Build Order
Export as new Build Order

KimChiLoVer Terran - Winner!

Build Orders: Reaper Expand 

Get SALT Encoding   

  12  0:02  SCV  
  12  0:14  SCV  
  12  0:18  Supply Depot  
  12  0:27  SCV  
  12  0:39  SCV  
  12  0:41  Barracks  
  12  0:45  Refinery  
  12  0:55  SCV  
  12  1:07  SCV  
  12  1:19  SCV  
  12  1:31  Reaper  
  12  1:32  Orbital Command  
  12  1:40  Command Center  
  12  1:51  Supply Depot  
  12  1:58  SCV  
  12  2:03  Marine  
  12  2:06  Factory  
  12  2:11  Refinery  
  12  2:13  SCV  
  12  2:23  Barracks Reactor  
  12  2:26  SCV  
  12  2:33  Barracks  
  12  2:38  SCV  
  12  2:42  Barracks  
  12  2:50  SCV  
  12  2:51  Factory Tech Lab  
  12  3:01  Marine x2  
  12  3:02  Orbital Command, SCV  
  12  3:14  SCV  
  12  3:31  Marine  
  12  3:32  Command Center  
  12  3:34  SCV  
  12  3:36  SCV  
  12  3:42  Marine  
  12  3:43  Stimpack  
  12  3:44  Marine  
  12  3:48  SCV  
  12  3:50  SCV  
  12  3:55  Starport  
  12  3:56  Factory Reactor  
  12  4:02  SCV  
  12  4:03  SCV  
  12  4:08  Engineering Bay  
  12  4:12  Engineering Bay  
  12  4:15  SCV  
  12  4:16  SCV, Marine  
  12  4:23  Marine x2  
  12  4:29  SCV x2  
  12  4:41  Terran Infantry Armor Level 1, Terran Infantry Weapons Level 1  
  12  4:42  Factory Tech Lab  
  12  4:44  SCV  
  12  4:46  Orbital Command, Refinery  
  12  4:51  Barracks  
  12  4:56  Barracks  
  12  4:58  SCV  
  12  4:59  SCV  
  12  5:00  Armory  
  12  5:05  Medivac x2  
  12  5:11  Siege Tank  
  12  5:16  Refinery  
  12  5:17  Supply Depot  
  12  5:19  Supply Depot  
  12  5:21  SCV  
  12  5:22  SCV  
  12  5:27  SCV  
  12  5:32  Combat Shield  
  12  5:33  SCV  
  12  5:39  Marine x3  
  12  5:40  Barracks Tech Lab, Orbital Command  
  12  5:43  Barracks Tech Lab  
  12  5:53  SCV  
  12  5:56  Marine  
  12  5:57  Marine  
  12  5:58  Barracks Reactor  
  12  5:59  Supply Depot  
  12  6:00  Supply Depot  
  12  6:02  Siege Tank  
  12  6:03  Medivac  
  12  6:05  Concussive Shells, SCV  
  12  6:10  Marine, Marauder x2  
  12  6:20  Marine x2  
  12  6:22  SCV x3  
  12  6:28  Marine  
  12  6:32  Barracks  
  12  6:34  SCV  
  12  6:37  Terran Infantry Weapons Level 2, Barracks x2, Terran Infantry Armor Level 2  
  12  6:44  Marine x3, Marauder x2  
  12  6:45  SCV  
  12  6:51  Supply Depot  
  12  6:53  Supply Depot  
  12  6:57  SCV  
  12  7:03  Supply Depot  
  12  7:04  Terran Vehicle And Ship Armor Level 1  
  12  7:12  SCV  
  12  7:13  Marine x6  
  12  7:14  Marine  
  12  7:17  Command Center  
  12  7:21  Viking  
  12  7:22  Medivac  
  12  7:24  Barracks Tech Lab x2  
  12  7:25  Barracks Reactor  
  12  7:36  SCV x3, Supply Depot  
  12  7:38  Supply Depot  
  12  7:40  Refinery x2  
  12  7:41  Marauder  
  12  7:48  SCV  
  12  7:50  Marine  
  12  7:51  Starport, Marauder x2  
  12  7:52  SCV  
  12  7:58  SCV  
  12  8:00  Supply Depot, SCV  
  12  8:02  Supply Depot  
  12  8:04  SCV  
  12  8:05  Marauder x2  
  12  8:10  SCV  
  12  8:11  Marine x2, Marauder  
  12  8:12  Marine, Marauder  
  12  8:13  Marine  
  12  8:21  SCV  
  12  8:26  Supply Depot  
  12  8:27  Supply Depot  
  12  8:28  Marine x2, Marauder x3  
  12  8:29  Marine  
  12  8:31  Starport Reactor  
  12  8:33  Viking  
  12  8:35  Viking  
  12  8:44  SCV  
  12  8:45  Orbital Command  
  12  8:53  Supply Depot x2  
  12  8:55  Marine x4, Marauder x2  
  12  8:56  Marine x5  
  12  8:59  Siege Tank  
  12  9:12  Medivac  
  12  9:13  Marine, Viking  
  12  9:16  Viking  
  12  9:18  Medivac  
  12  9:20  Marine, Marauder  
  12  9:27  Supply Depot  
  12  9:28  Supply Depot  
  12  9:30  Marine x3, Marauder x2  
  12  9:37  SCV x4  
  12  9:42  Marine x2, Marauder x2  
  12  9:49  SCV  
Tags
 
Add a new tag
Caveats
  • Supply blocks, unpowered buildings, or Contaminate may cause inaccurate times.
  • Supply counts are checked every 10 seconds.